 Dungeon Sprint DCSS version 0.31-a0-836-g3ceb0a68c4 (webtiles) character file.

Game seed: 10273665697577373356

1730 sircluck the Grappler (level 8, 0/139 HPs)
             Began as a Troll Berserker on Sept 26, 2023.
             Was a High Priest of Trog.
             Frozen to death by an endoplasm (3 damage)
             ... in the Dungeon (Sprint VII: "The Pits").
             The game lasted 00:01:53 (633 turns).

sircluck the Grappler (Troll Berserker)              Turns: 633, Time: 00:01:54

Health: 0/139      AC:  4    Str: 28    XL:     8   Next: 76%
Magic:  7/7        EV: 12    Int:  3    God:    Trog [*****.]
Gold:   0          SH:  0    Dex:  9    Spells: 7/7 levels left

rFire   . .          .
                       - Unarmed
rCold   . . .        (no shield)
rNeg    . . .        a - +0 animal skin
rPois   .            (helmet restricted)
rElec   .            (no cloak)
rCorr   .            (gloves unavailable)
SInv    .            (boots unavailable)
Will    .....        (no amulet) Stlth
                     (no ring)
HPRegen 1.23/turn    (no ring)
MPRegen 0.10/turn

%: no teleportation
@: berserking, lethally poisoned (0 -> -2), very quick
A: large, unfitting armour, claws 3, regeneration 1, shaggy fur 1, tough skin 1
a: Renounce Religion, Berserk, Trog's Hand, Brothers in Arms


You were in the Dungeon.
You worshipped Trog.
Trog was extremely pleased with you.
You visited 1 branch

Inventory:

Armour
 a - a +0 animal skin (worn)
Scrolls
 g - a scroll of blinking
 i - 2 scrolls of vulnerability
 j - a scroll of butterflies
Potions
 b - 6 potions of curing
 c - 6 potions of heal wounds
 d - a potion of haste
 e - 4 potions of magic
 f - 3 potions of berserk rage
 h - 2 potions of invisibility


   Skills:
 + Level 10.1 Fighting
 + Level 10.0 Dodging
 + Level 11.8 Unarmed Combat


You had 7 spell levels left.
You didn't know any spells.
Your spell library was empty.

Dungeon Overview and Level Annotations

Branches:
Dungeon (1/1)

Altars:
Ashenzari
Cheibriados
Dithmenos
Elyvilon
Fedhas
Gozag
Hepliaklqana
Kikubaaqudgha
Makhleb
Nemelex Xobeh
Okawaru
Qazlal
Ru
Sif Muna
Trog
Uskayaw
Vehumet
Wu Jian
Xom
Yredelemnul
Zin
The Shining One
Jiyva
Lugonu


Innate Abilities, Weirdness & Mutations

You are too large for most types of armour.
You have claws for hands.
Your natural rate of healing is unusually fast.
You are covered in fur. (AC +1)
You have tough skin. (AC +1)


Message History

The cane toad is severely wounded.
You feel very sick. The cane toad barely misses you.
You scratch the cane toad.
The cane toad is severely wounded.
You feel very sick. The cane toad stings you!!
* * * LOW HITPOINT WARNING * * *
An endoplasm comes into view.
A red film seems to cover your vision as you go berserk!
You feel yourself moving faster!
You feel mighty!
You feel very sick. The cane toad stings you!
* * * LOW HITPOINT WARNING * * *
You mangle the cane toad!!
You kill the cane toad!
Trog accepts your kill.
You feel sick.
Your Fighting skill increases to level 10!
Your Dodging skill increases to level 10!
Unknown command.
Unknown command.
Unknown command.
You feel sick.
The kobold brigand hits you with a +0 club.
* * * LOW HITPOINT WARNING * * *
There is an open door, spattered with blood here.
You see here a cane toad corpse.
You barely miss the kobold brigand.
You feel sick. The kobold brigand closely misses you.
The endoplasm hits you but does no damage.
You scratch the kobold brigand.
The kobold brigand is lightly wounded.
You feel sick.
You completely miss the kobold brigand. Your claw misses the kobold brigand.
The kobold brigand is lightly wounded.
You feel sick. The kobold brigand closely misses you.
The endoplasm freezes you.
You are frozen.
You die...

#)#...).#..##.......#
#)####)##'###...<...#
#)#.....)..##.......#
#)#......).##.......#
#'###########.......#
#.......#).##########
#...#...#)##
#...#...#)#
#.##.##.#@#
#...#...#KJ....+
#...#...#'#....#
#......)'.#....#
########### ####


You could see a kobold brigand and an endoplasm.

Vanquished Creatures
  A molten gargoyle (D)
  A cane toad (D)
  An unseen horror (D)
  An orc warrior (D)
  2 black bears (D)
  A wolf (D)
  6 killer bees (D)
  An orc priest (D)
  2 gnoll boudas (D)
  2 orc wizards (D)
  9 gnolls (D)
  An adder (D)
  A white imp (D)
  5 orcs (D)
  A bat skeleton (D)
  A hobgoblin (D)
  2 jackals (D)
  A frilled lizard (D)
  A rat (D)
40 creatures vanquished.

Notes
Turn   | Place    | Note
-------+----------+-------------------------------------------
     0 | D        | sircluck the Troll Berserker began the quest for the Orb.
     0 | D        | Reached XP level 1. HP: 22/22 MP: 0/0
    22 | D        | Noticed a killer bee
    32 | D        | Killed a killer bee
    33 | D        | Reached skill level 4 in Unarmed Combat
    33 | D        | Reached XP level 2. HP: 32/32 MP: 1/1
    33 | D        | Reached XP level 3. HP: 39/39 MP: 2/2
    81 | D        | Noticed a killer bee
    92 | D        | Killed a killer bee
    93 | D        | Reached skill level 5 in Unarmed Combat
    93 | D        | Reached XP level 4. HP: 49/49 MP: 3/3
   143 | D        | Noticed a molten gargoyle
   153 | D        | Reached skill level 5 in Fighting
   153 | D        | Reached skill level 5 in Dodging
   153 | D        | Reached skill level 6 in Unarmed Combat
   156 | D        | Reached ** piety under Trog
   157 | D        | Reached XP level 5. HP: 39/59 MP: 4/4
   162 | D        | Reached skill level 7 in Unarmed Combat
   169 | D        | HP: 2/61 [poisoned by a killer bee]
   254 | D        | Killed a molten gargoyle
   255 | D        | Reached skill level 9 in Unarmed Combat
   255 | D        | Reached XP level 6. HP: 72/72 MP: 5/5
   255 | D        | Reached XP level 7. HP: 80/80 MP: 6/6
   305 | D        | Reached *** piety under Trog
   309 | D        | Found a bloodstained altar of Trog.
   309 | D        | Found a shimmering blue altar of Sif Muna.
   309 | D        | Found a viscous altar of Jiyva.
   309 | D        | Found a hazy altar of Hepliaklqana.
   309 | D        | Found an opulent altar of Gozag.
   310 | D        | Found a glowing golden altar of the Shining One.
   310 | D        | Found a glowing silver altar of Zin.
   310 | D        | Found a basalt altar of Yredelemnul.
   310 | D        | Found a shimmering altar of Xom.
   310 | D        | Found an ornate altar of the Wu Jian Council.
   310 | D        | Found a sacrificial altar of Ru.
   310 | D        | Found a stormy altar of Qazlal.
   310 | D        | Found an iron altar of Okawaru.
   310 | D        | Found a sparkling altar of Nemelex Xobeh.
   310 | D        | Found a burning altar of Makhleb.
   310 | D        | Found a blossoming altar of Fedhas.
   310 | D        | Found a white marble altar of Elyvilon.
   310 | D        | Found a shadowy altar of Dithmenos.
   310 | D        | Found a snail-covered altar of Cheibriados.
   312 | D        | Found a radiant altar of Vehumet.
   312 | D        | Found a corrupted altar of Lugonu.
   313 | D        | Found a hide-covered altar of Uskayaw.
   313 | D        | Found an ancient bone altar of Kikubaaqudgha.
   313 | D        | Found a broken altar of Ashenzari.
   363 | D        | Reached **** piety under Trog
   373 | D        | Reached ***** piety under Trog
   374 | D        | Received a gift from Trog
   387 | D        | Reached skill level 10 in Unarmed Combat
   481 | D        | Received a gift from Trog
   489 | D        | Reached XP level 8. HP: 71/92 MP: 7/7
   524 | D        | Received a gift from Trog
   539 | D        | Killed an unseen horror
   540 | D        | Reached skill level 11 in Unarmed Combat
   615 | D        | Noticed a cane toad
   629 | D        | Killed a cane toad
   630 | D        | Reached skill level 10 in Fighting
   630 | D        | Reached skill level 10 in Dodging
   630 | D        | HP: 4/139 [kobold brigand/+0 club (5)]
   633 | D        | Frozen to death by an endoplasm

Illustrated notes

Levels and vault maps discovered:
D:        pitsprint [storerooms_1, entrance_room_1, metal_vault_7, armoury_2,
          mini_pit_1, grid_room_1, main_hall_1, silver_pit, the_coven_2,
          the_vestibule_1, steel_vault_1, golden_pit, hallway_of_sentries,
          crystal_vault_6, iron_vault_5, final_vault]

Skill      XL: |  1  2  3  4  5  6  7  8 |
---------------+-------------------------+-----
Fighting       | 4 5 8 9 10 | 10.1
Dodging        | 4 5 7 8 10 | 10.0
Unarmed Combat | 4 5 6 9 10 11 | 11.8

Action                     |  1- 3 |  4- 6 |  7- 9 || total
---------------------------+-------+-------+-------++-------
  Melee: Unarmed           |    11 |    19 |    79 ||   109
         Punch             |       |     2 |       ||     2
 Invoke: Berserk           |     2 |     2 |     1 ||     5
 Armour: Animal skin       |     6 |    23 |    53 ||    82
  Dodge: Dodged            |     7 |    18 |    27 ||    52

Table legend: (Time is in decaauts)
 A = Elapsed time spent in this place.
 B = Non-inter-level travel time spent in this place.
 C = Inter-level travel time spent in this place.
 D = Time resting spent in this place.
 E = Time spent auto-exploring this place.
 F = Levels seen in this place.
 G = Mean time per level.
                   A        B        C        D        E       F      G
               +--------+--------+--------+--------+--------+-----+--------+
         Total |    653 |    653 |      0 |    236 |    132 |   1 |  653.0 |
       Dungeon |    653 |    653 |      0 |    236 |    132 |   1 |  653.0 |
               +--------+--------+--------+--------+--------+-----+--------+

Top non-repeatable levels by time:
       D: 653 daAuts
